 Dungeon Crawl Stone Soup version 0.22-a0-348-gd16d139 (webtiles) character file.

119 xccam the Covered (level 5, -7/37 HPs)
             Began as a Gnoll Wanderer on Apr 8, 2018.
             Killed by divine providence
             ... invoked by an orc priest
              (11 damage)
             ... on level 3 of the Dungeon.
             The game lasted 00:03:26 (1611 turns).

xccam the Covered (Gnoll Wanderer)                  Turns: 1611, Time: 00:03:27

Health: -7/37      AC: 11    Str: 23 (25) XL:     5   Next: 3%
Magic:  6/6        EV: 15    Int: 20 (23) God:
Gold:   110        SH:  0    Dex: 17      Spells: 6/6 levels left

rFire    . . .     SeeInvis .   q - +0 whip
rCold    . . .     Gourm    .   (no shield)
rNeg     . . .     Faith    .   a - +2 scale mail
rPois    .         Spirit   .   (no helmet)
rElec    .         Reflect  .   (no cloak)
rCorr    .         Harm     .   i - +0 pair of gloves
MR       .....                  (no boots)
Stlth    ++........             (no amulet)
HPRegen  0.12/turn              n - +6 ring of strength
MPRegen  0.10/turn              (no ring)

@: mighty, brilliant, agile, lethally poisoned (-7 -> -10), very slightly
contaminated, hasted, invisible, very quick
A: distributed training, fangs 1, strong nose
a: no special abilities


You were on level 3 of the Dungeon.
You were hungry.

You visited 1 branch of the dungeon, and saw 3 of its levels.

You collected 110 gold pieces.

Inventory:

Hand Weapons
 q - a +0 whip (weapon)
Armour
 a - a +2 scale mail (worn)
 i - a +0 pair of gloves (worn)
Jewellery
 n - a +6 ring of strength (left hand)
Scrolls
 b - 2 scrolls of amnesia {unknown}
 e - a scroll of magic mapping {unknown}
Comestibles
 f - 5 rations


   Skills:
 + Level 1.3 Fighting
 + Level 1.3 Short Blades
 + Level 1.3 Long Blades
 + Level 1.3 Axes
 + Level 4.7 Maces & Flails
 + Level 1.3 Polearms
 + Level 1.3 Staves
 + Level 1.3 Slings
 + Level 1.3 Bows
 + Level 1.3 Crossbows
 + Level 1.3 Throwing
 + Level 6.6 Armour
 + Level 1.3 Dodging
 + Level 2.6 Stealth
 + Level 2.8 Shields
 + Level 1.3 Unarmed Combat
 + Level 1.3 Spellcasting
 + Level 1.0 Conjurations
 + Level 1.0 Hexes
 + Level 1.0 Charms
 + Level 1.0 Summonings
 + Level 3.9 Necromancy
 + Level 2.3 Translocations
 + Level 1.0 Transmutations
 + Level 1.0 Fire Magic
 + Level 1.0 Ice Magic
 + Level 1.0 Air Magic
 + Level 1.0 Earth Magic
 + Level 1.0 Poison Magic
 + Level 1.4 Invocations
 + Level 1.3 Evocations


You had 6 spell levels left.
You didn't know any spells.

Dungeon Overview and Level Annotations

Branches:
Dungeon (3/15)

Altars:


Innate Abilities, Weirdness & Mutations

Your experience applies equally to all skills.
You have very sharp teeth.
Your uncanny sense of smell can sniff out nearby items.


Message History

You whack the worm!
You kill the worm!
You have reached level 5!
You feel less wooden.
Your +0 pair of gloves unmelds from your body.
Your +2 scale mail unmelds from your body.
The orc hits you but does no damage.
Items here: )))) [[[ †††† You whack the orc!
You kill the orc!
* * * LOW HITPOINT WARNING * * *
You feel sick.
The orc priest hits you but does no damage.
Things that are here:
a trident; an orc corpse You whack the orc priest!
The orc priest is severely wounded.
The orc priest invokes the aid of Beogh against you.
Beogh smites you!
You die... @o

∆ .o #. #.
#.##### #.....#
#..<..#######...
#.....@)......#
#.....o######.#
#.....## #.....#
#.....# #.....#
#...>.. #####.#.


You could see an orc priest.

Vanquished Creatures
  An orc wizard (D:3)
  Terence (D:3)
  An ooze (D:1)
  2 worms (D:3)
  2 dart slugs
  A leopard gecko (D:1)
  3 orcs (D:3)
  10 bats
  2 giant cockroaches
  8 goblins
  5 hobgoblins
  5 jackals
  10 kobolds
  A quokka (D:2)
  3 frilled lizards
  4 rats
59 creatures vanquished.

Notes
Turn   | Place    | Note
-------+----------+-------------------------------------------
     0 | D:1      | xccam the Gnoll Wanderer began the quest for the Orb.
     0 | D:1      | xccam set off with: a +2 scale mail, a potion of lignification, a +0 club, a ration
     0 | D:1      | Reached XP level 1. HP: 13/13 MP: 1/1
   123 | D:1      | Reached XP level 2. HP: 13/19 MP: 2/2
   528 | D:1      | Reached XP level 3. HP: 25/25 MP: 3/3
  1038 | D:2      | Reached skill level 1 in Invocations
  1147 | D:2      | Reached skill level 1 in Fighting
  1147 | D:2      | Reached skill level 1 in Short Blades
  1147 | D:2      | Reached skill level 1 in Long Blades
  1147 | D:2      | Reached skill level 1 in Axes
  1147 | D:2      | Reached skill level 1 in Polearms
  1147 | D:2      | Reached skill level 1 in Staves
  1147 | D:2      | Reached skill level 1 in Slings
  1147 | D:2      | Reached skill level 1 in Bows
  1147 | D:2      | Reached skill level 1 in Crossbows
  1147 | D:2      | Reached skill level 1 in Throwing
  1147 | D:2      | Reached skill level 1 in Dodging
  1147 | D:2      | Reached skill level 1 in Unarmed Combat
  1147 | D:2      | Reached skill level 1 in Spellcasting
  1147 | D:2      | Reached skill level 1 in Evocations
  1362 | D:2      | Reached XP level 4. HP: 32/32 MP: 5/5
  1523 | D:3      | Noticed Terence
  1601 | D:3      | Killed Terence
  1601 | D:3      | Reached skill level 1 in Conjurations
  1601 | D:3      | Reached skill level 1 in Hexes
  1601 | D:3      | Reached skill level 1 in Charms
  1601 | D:3      | Reached skill level 1 in Summonings
  1601 | D:3      | Reached skill level 1 in Transmutations
  1601 | D:3      | Reached skill level 1 in Fire Magic
  1601 | D:3      | Reached skill level 1 in Ice Magic
  1601 | D:3      | Reached skill level 1 in Air Magic
  1601 | D:3      | Reached skill level 1 in Earth Magic
  1601 | D:3      | Reached skill level 1 in Poison Magic
  1607 | D:3      | Reached XP level 5. HP: 8/37 MP: 6/6
  1611 | D:3      | Killed from afar by an orc priest

Vault maps used:
D:1:      sevenhm_arrival_forest_fort_small_5
D:3:      chequers_ecumenical_altar_lobes, kennysheep_boxes, uniq_natasha,
          uniq_terence, uniq_ijyb, uniq_jessica

Skill      XL: |  1  2  3  4 |
---------------+-------------+-----
Translocations | 2 |  2.3
Invocations    | 1 |  1.4
Fighting       | 1 |  1.3
Short Blades   | 1 |  1.3
Long Blades    | 1 |  1.3
Axes           | 1 |  1.3
Polearms       | 1 |  1.3
Staves         | 1 |  1.3
Slings         | 1 |  1.3
Bows           | 1 |  1.3
Crossbows      | 1 |  1.3
Throwing       | 1 |  1.3
Dodging        | 1 |  1.3
Unarmed Combat | 1 |  1.3
Spellcasting   | 1 |  1.3
Evocations     | 1 |  1.3
Conjurations   | 1 |  1.0
Hexes          | 1 |  1.0
Charms         | 1 |  1.0
Summonings     | 1 |  1.0
Transmutations | 1 |  1.0
Fire Magic     | 1 |  1.0
Ice Magic      | 1 |  1.0
Air Magic      | 1 |  1.0
Earth Magic    | 1 |  1.0
Poison Magic   | 1 |  1.0
Maces & Flails | |  4.7
Armour         | |  6.6
Stealth        | |  2.6
Shields        | |  2.8
Necromancy     | |  3.9

Action                   |  1- 3 |  4- 6 || total
-------------------------+-------+-------++-------
Melee: Club              |   194 |     6 ||   200
       Bite              |    20 |     9 ||    29
       Whip              |       |    72 ||    72
  Use: Potion            |       |     9 ||     9
 Stab: Invisible         |       |     2 ||     2
  Eat: Chunk             |     1 |     1 ||     2
Armor: Scale mail        |   152 |    21 ||   173
       Skin              |       |    21 ||    21
Dodge: Dodged            |   123 |    23 ||   146

Table legend:
 A = Spawn XP
 B = Non-spawn XP
 C = Spawn XP percentage of total XP
 D = Spawn monster count
 E = Non-spawn monster count
 F = Spawn count percentage of total count
 G = Total turns spent on level
                    A         B        C        D         E        F      G
               +---------+---------+-------+---------+---------+-------+---------
         Total |       0 |     171 |   0.0 |       0 |      59 |   0.0 |  1611
               +---------+---------+-------+---------+---------+-------+---------
           D:1 |       0 |      46 |   0.0 |       0 |      22 |   0.0 |   934
           D:2 |       0 |      42 |   0.0 |       0 |      26 |   0.0 |   587
           D:3 |       0 |      83 |   0.0 |       0 |      11 |   0.0 |    90
               +---------+---------+-------+---------+---------+-------+---------
